 Dungeon Crawl Stone Soup version 0.20-a0-1016-g241539b (webtiles) character file.

656 Multipenetrator the Shield-Bearer (level 7, -2/55 HPs)
             Began as a Formicid Fighter on Apr 16, 2017.
             Slain by an ogre
             ... wielding a +0 giant club
              (22 damage)
             ... on level 5 of the Dungeon.
             The game lasted 00:06:34 (3440 turns).

Multipenetrator the Shield-Bearer (FoFi)            Turns: 3440, Time: 00:06:34

Health: -2/55      AC:  7    Str: 22    XL:     7   Next: 85%
Magic:  7/7        EV:  9    Int:  7    God:
Gold:   188        SH: 10    Dex: 11    Spells: 6/6 levels left

rFire    . . .     SeeInvis +   a - +0 war axe
rCold    . . .     Gourm    .   c - +0 shield
rNeg     . . .     Faith    .   b - +0 scale mail
rPois    .         Spirit   .   (helmet unavailable)
rElec    .         Reflect  .   (no cloak)
rCorr    .         Harm     .   (no gloves)
MR       .....                  (no boots)
Stlth    ..........             (no amulet)
Regen    0.2/turn               (no ring)
MPRegen  0.1/turn               (no ring)

@: no status effects
A: permanent stasis, dig shafts and tunnels, four strong arms, antennae 3
a: Dig, Shaft Self


You were on level 5 of the Dungeon.
You were very hungry.

You visited 1 branch of the dungeon, and saw 5 of its levels.

You collected 188 gold pieces.

Inventory:

Hand Weapons
 a - a +0 war axe (weapon)
Armour
 b - a +0 scale mail (worn)
 c - a +0 shield (worn)
 l - a +0 pair of gloves
Jewellery
 e - a cursed -2 ring of evasion {unknown}
Wands
 n - a wand of clouds (3/9)
Scrolls
 g - a scroll of magic mapping {unknown}
 i - 3 scrolls of fog {unknown}
 m - 2 scrolls of enchant armour {unknown}
 s - 2 scrolls of identify {unknown}
 u - a scroll of teleportation {unknown}
Potions
 d - a potion of might
 h - a potion of haste {unknown}
 j - 2 potions of ambrosia {unknown}
 k - 2 potions of brilliance {unknown}
 o - a potion of lignification {unknown}
 p - a potion of cancellation {unknown}
 q - 3 potions of flight {unknown}
 r - a potion of agility {unknown}
Books
 v - the Volume of Lightness and Black Magic
   (You found it on level 4 of the Dungeon)

   Spells                             Type                      Level
   a - Pain                           Necromancy                   1
   b - Mephitic Cloud                 Conjuration/Poison/Air       3
   c - Summon Lightning Spire         Summoning/Air                4
Comestibles
 f - 3 bread rations
 t - a meat ration


   Skills:
 + Level 4.8 Fighting
 + Level 4.8 Axes
 + Level 4.6 Armour
 + Level 1.5 Dodging
 * Level 6.4 Shields


You had 6 spell levels left.
You didn't know any spells.

Dungeon Overview and Level Annotations

Branches:
Dungeon (5/15)
 Temple: D:4-7

Altars:
Ashenzari
Elyvilon
Gozag
Okawaru
Sif Muna
Uskayaw
Yredelemnul
Zin


Innate Abilities, Weirdness & Mutations

You cannot be hasted, slowed, berserked, paralysed or teleported.
You can dig through walls and to a lower floor.
Your four strong arms can wield two-handed weapons with a shield.
You have a pair of large antennae on your head. (SInv)


Message History

The jackal closely misses you. You block the ogre's attack.
You barely miss the ogre.
The ogre is moderately wounded.
You hit the jackal. You block the jackal's attack.
The ogre hits you with a giant club!
You hit the ogre.
The ogre is moderately wounded.
You hit the jackal.
You kill the jackal!
You block the ogre's attack.
You hit the ogre.
The ogre is heavily wounded.
You block the ogre's attack.
You barely miss the ogre.
The ogre is heavily wounded.
The ogre hits you with a giant club!!
You hit the ogre.
The ogre is heavily wounded.
The ogre hits you with a giant club!!
You die...

## ... ..# ##
..### . #. ....#
# ...
#.##..#.#.#
.....#.#...#....
......O@......?.
.....#†#........
... ###..####.#
. #<.# #....#
##.#.# .#.# .. .
##.##


You could see an ogre.

Vanquished Creatures
  2 ogres (D:4)
  A water moccasin skeleton (D:4)
  5 orc wizards
  A jelly (D:4)
  An iguana (D:4)
  4 worker ants (D:4)
  5 gnolls
  3 adders
  2 worms
  6 dart slugs
  2 leopard geckos (D:2)
  4 orcs
  2 bats
  4 giant cockroaches
  7 goblins
  8 hobgoblins
  2 jackals (D:5)
  A quokka (D:4)
  4 kobolds
  6 rats
70 creatures vanquished.

Notes
Turn   | Place    | Note
-------+----------+-------------------------------------------
     0 | D:1      | Multipenetrator the Formicid Fighter began the quest for the Orb.
     0 | D:1      | Reached XP level 1. HP: 18/18 MP: 1/1
    92 | D:1      | Reached XP level 2. HP: 20/24 MP: 2/2
   189 | D:1      | Reached skill level 4 in Shields
   193 | D:1      | Reached XP level 3. HP: 21/29 MP: 3/3
   606 | D:2      | Found an opulent altar of Gozag.
   607 | D:2      | Found a white marble altar of Elyvilon.
   609 | D:2      | Found a shattered altar of Ashenzari.
   614 | D:2      | Found a deep blue altar of Sif Muna.
   614 | D:2      | Found a glowing silver altar of Zin.
   614 | D:2      | Found a basalt altar of Yredelemnul.
   618 | D:2      | Found a hide-covered altar of Uskayaw.
   619 | D:2      | Found an iron altar of Okawaru.
   812 | D:2      | Reached XP level 4. HP: 34/37 MP: 4/4
  1354 | D:3      | Reached XP level 5. HP: 32/42 MP: 5/5
  1406 | D:3      | Reached skill level 5 in Shields
  1907 | D:4      | Noticed an ogre
  1917 | D:4      | Killed an ogre
  1917 | D:4      | Reached skill level 1 in Dodging
  1917 | D:4      | Reached XP level 6. HP: 19/48 MP: 6/6
  2233 | D:4      | HP: 1/49 [iguana (8)]
  2240 | D:4      | Reached XP level 7. HP: 3/55 MP: 7/7
  2245 | D:4      | HP: 1/55 [orc wizard/dagger (2)]
  2625 | D:4      | Reached skill level 6 in Shields
  2980 | D:4      | Identified the Volume of Lightness and Black Magic
  3425 | D:5      | Entered Level 5 of the Dungeon
  3440 | D:5      | Slain by an ogre

Vault maps used:
D:1:      elethiomel_arrival_infinity_welcomes_careful_drivers
D:2:      minitemple
D:3:      minivault_11, amethyst_killhole
D:4:      cheibrodos_old_hovel, first_bread, minmay_misc_feat_doors
D:5:      uniq_eustachio

Skill      XL: |  1  2  3  4  5  6  7 |
---------------+----------------------+-----
Shields        | 4 5 6 |  6.4
Axes           | 3 4 |  4.8
Fighting       | 4 |  4.8
Armour         | 4 |  4.6
Dodging        | 1 |  1.5

Action                   |  1- 3 |  4- 6 |  7- 9 || total
-------------------------+-------+-------+-------++-------
Melee: War axe           |    50 |   132 |    51 ||   233
  Use: Potion            |       |     1 |       ||     1
  Eat: Chunk             |       |     4 |     3 ||     7
Armor: Scale mail        |    18 |    46 |     9 ||    73
Dodge: Dodged            |    14 |    50 |    18 ||    82
Block: Shield            |    22 |    78 |    23 ||   123
